 Dungeon Crawl Stone Soup version 0.25-a0-663-gace7076f2c (webtiles) character file.

Game seed: 10104729064147971649, levelgen mode: deterministic

14 Conn the Magician (level 2, -2/17 HPs)
             Began as an Octopode Wizard on Mar 25, 2020.
             Shot with a stone by a kobold (6 damage)
             ... on level 1 of the Dungeon.
             The game lasted 00:01:37 (491 turns).

Conn the Magician (Octopode Wizard)                  Turns: 491, Time: 00:01:37

Health: -2/17      AC:  1    Str:  6    XL:     2   Next: 45%
Magic:  5/6        EV: 13    Int: 20    God:
Gold:   36         SH:  0    Dex: 10    Spells: 7/8 levels left

rFire    . . .     SeeInvis .   i - +0 dagger
rCold    . . .     Gourm    .   (no shield)
rNeg     . . .     Faith    .   a - +0 hat
rPois    .         Spirit   .   (no amulet)
rElec    .         Reflect  .   e - ring of attention (curse)
rCorr    .         Harm     .   (no ring)
MR       .....                  (no ring)
Stlth    ++........             (no ring)
HPRegen  0.05/turn              (no ring)
MPRegen  0.10/turn              (no ring)
                                (no ring)
                                (no ring)

@: no status effects
A: almost no armour, stealthy swim, amphibious, 8 rings, constrict 8, camouflage
1, gelatinous body 1
a: no special abilities


You were on level 1 of the Dungeon.
You were not hungry.

You visited 1 branch of the dungeon, and saw 1 of its levels.

You collected 36 gold pieces.

Inventory:

Hand Weapons
 i - a +0 dagger (weapon)
Armour
 a - a +0 hat (worn)
Jewellery
 e - a cursed ring of attention (left tentacle)
Scrolls
 h - a scroll of remove curse {unknown}
Potions
 b - a potion of heal wounds {unknown}
 d - a potion of haste {unknown}
 f - 3 potions of lignification {unknown}
Comestibles
 c - 3 rations
 g - 7 chunks of flesh


   Skills:
 - Level 2.0 Dodging
 - Level 2.6 Stealth
 * Level 3.5 Spellcasting
 * Level 1.2 Conjurations
   Level 1.0 Summonings
   Level 1.0 Translocations


You had 7 spell levels left.
You knew the following spells:

 Your Spells              Type           Power        Failure   Level  Hunger
a - Magic Dart            Conj           #...         9%          1    None

Your spell library contained the following spells:

 Spells                   Type           Power        Failure   Level  Hunger
 Blink                    Tloc           N/A          14%         2    ##.....
 Call Imp                 Summ           #.......     14%         2    ##.....
 Slow                     Hex            #.......     21%         2    ##.....
 Conjure Flame            Conj/Fire      #.......     30%         3    ###....
 Mephitic Cloud           Conj/Pois/Air  #.......     34%         3    ###....


Dungeon Overview and Level Annotations

Branches:
Dungeon (1/15)

Altars:


Innate Abilities, Weirdness & Mutations

You cannot wear most types of armour.
You are very stealthy in the water. (Stealth+)
You are amphibious.
You can wear up to eight rings at the same time.
You can use your tentacles to constrict eight enemies at once.
Your skin changes colour to match your surroundings (Stealth+).
Your rubbery body absorbs attacks. (AC +1, EV +1)


Message History

Things that are here:
a +0 dagger; a goblin skeleton
Things that are here:
a +0 dagger; a goblin skeleton
i - a +0 dagger
i - a +0 dagger (weapon)
You start resting.
Magic restored.
You start resting.
A kobold comes into view. It is wielding a +0 short sword.
Casting: Magic Dart (safe; 9% risk of failure)
Confirm with . or Enter, or press ? or * to list all spells.
Aiming: Magic Dart (safe; 9% risk of failure)
Press: ? - help, Shift-Dir - straight line, f - kobold
Aim: a kobold, wielding a +0 short sword and quivering 4 stones (hasn't noticed you)
The magic dart hits the kobold.
The kobold is severely wounded.
The kobold unwields a +0 short sword.
The kobold wields a +0 hunting sling.
The kobold shoots a stone.
The stone hits you.
You die...

#)# #...# #.###[#.#
####..##.#.# #......#.#.#
#......#.#.# #.....(#.#.#
#......#.#.#
##'##########........#.#
#....(.รท..@##........#.#
#...######.##........###
# #.##........#
#.##........#
#.##........######
#.#########....... ####.#
#.##.#.# ##...K####
#....... #........#
#....#..


You could see a kobold.

Vanquished Creatures
  3 hobgoblins (D:1)
  A bat (D:1)
  A frilled lizard (D:1)
  4 goblins (D:1)
  2 kobolds (D:1)
  3 rats (D:1)
14 creatures vanquished.

Notes
Turn   | Place    | Note
-------+----------+-------------------------------------------
     0 | D:1      | Conn the Octopode Wizard began the quest for the Orb.
     0 | D:1      | Reached XP level 1. HP: 11/11 MP: 4/4
   303 | D:1      | Reached XP level 2. HP: 17/17 MP: 1/6
   491 | D:1      | Shot with a stone by a kobold

Levels and vault maps discovered:
D:1:      lightli_molten_gateway, layout_basic

Action                   || total
-------------------------++-------
Melee: Unarmed           ||    27
       Constrict         ||     8
       Tentacles         ||     2
 Cast: Magic Dart        ||    12
Dodge: Dodged            ||    16

Table legend:
 A = Non-vault XP
 B = Vault XP
 C = Vault XP percentage of total XP
 D = Non-vault monster count
 E = Vault monster count
 F = Vault count percentage of total count
                 A         B        C        D         E       F
            +---------+---------+-------+---------+---------+-------
      Total |      21 |       0 |   0.0 |      14 |       0 |   0.0
            +---------+---------+-------+---------+---------+-------
        D:1 |      21 |       0 |   0.0 |      14 |       0 |   0.0
            +---------+---------+-------+---------+---------+-------
